 Dungeon Crawl Stone Soup version 0.20.0-8-g6b59dc7 (webtiles) character file.

130 straycat the Sneak (level 4, -1/33 HPs)
             Began as a Vampire Wanderer on May 31, 2017.
             Slain by an orc
             ... wielding a +0 hand axe
              (6 damage)
             ... on level 3 of the Dungeon.
             The game lasted 00:14:58 (4025 turns).

straycat the Sneak (Vampire Wanderer)               Turns: 4025, Time: 00:14:59

Health: -1/33      AC:  0    Str: 12    XL:     4   Next: 90%
Magic:  4/4        EV: 20    Int: 14    God:
Gold:   67         SH:  0    Dex: 18    Spells: 3/3 levels left

rFire    . . .     SeeInvis +   (weapon currently unavailable)
rCold    . . .     Gourm    .   (shield currently unavailable)
rNeg     + . .     Faith    .   (armour currently unavailable)
rPois    .         Spirit   .   (helmet currently unavailable)
rElec    .         Reflect  .   (cloak currently unavailable)
rCorr    .         Harm     .   (gloves currently unavailable)
MR       .....                  (boots currently unavailable)
Stlth    +++++.....             (no amulet)
Regen    0.2/turn               (ring currently unavailable)
MPRegen  0.1/turn               (ring currently unavailable)

@: bat-form, flying, very quick
A: fangs 3, see invisible
a: End Transformation


You were on level 3 of the Dungeon.
You were not thirsty.
You were in vampire-bat-form.
You visited 1 branch of the dungeon, and saw 3 of its levels.

You collected 67 gold pieces.

Inventory:

Hand Weapons
 b - a +1 dagger of venom
 c - a +0 spear
 g - a cursed +0 short sword
 i - a cursed -3 trident
 q - a cursed -3 dagger (melded)
Missiles
 e - 12 sling bullets
 h - 79 stones (quivered)
Armour
 a - a +2 scale mail (melded)
 f - a +0 shield (melded)
 k - a +1 helmet (melded)
Scrolls
 n - 2 scrolls of amnesia
 o - a scroll of enchant weapon {unknown}
Potions
 d - 9 potions of blood
 j - a potion of heal wounds
 l - a potion of magic
 m - 2 potions of ambrosia {unknown}
 p - a potion of invisibility {unknown}


   Skills:
 + Level 2.1 Fighting
 + Level 3.7 Armour
 * Level 2.5 Dodging
 + Level 3.9 Stealth
 - Level 1.0 Shields
   Level 1.0 Translocations
   Level 2.0 Air Magic


You had 3 spell levels left.
You didn't know any spells.

Dungeon Overview and Level Annotations

Branches:
Dungeon (3/15)

Altars:
Fedhas

Annotations:
D:2 exclusion: oklob plant, Natasha
D:3 Jessica


Innate Abilities, Weirdness & Mutations

You have razor-sharp teeth.
You have supernaturally acute eyesight. (SInv)
((You can survive without breathing.))


Message History

You hit the orc. You bite the orc, but do no damage.
The orc is severely wounded.
The orc hits you with a hand axe.
You hit the orc but do no damage.
The orc is severely wounded.
The orc closely misses you.
You hit the orc but do no damage.
The orc is heavily wounded.
The orc closely misses you.
You hit the orc but do no damage.
The orc is heavily wounded.
The orc closely misses you.
You hit the orc but do no damage. Your bite misses the orc.
The orc is heavily wounded.
The orc hits you with a hand axe!
* * * LOW HITPOINT WARNING * * *
You hit the orc but do no damage.
The orc is heavily wounded.
The orc hits you with a hand axe.
You die...

o.o.........## ##..#
##.....## ##....<.....
##.##.# #..###...... #....#
#.# #..... ..###..######
#.#####.....
...$.........###...........
........#........## ...
@.........#####...# #.#
#........## #b#...#
##......## ##o###.#
K...##### ###oo# ... ....
###..o## #.. ##
######...### #.. .!.......#
## .........## .........o#
........$..o#


You could see 4 orcs.

Vanquished Creatures
  Terence (D:2)
  5 adders (D:2)
  An ooze (D:1)
  2 dart slugs
  A leopard gecko (D:2)
  5 bats
  5 giant cockroaches
  6 goblins
  7 hobgoblins
  4 jackals (D:1)
  4 frilled lizards
  7 kobolds
  6 rats
54 creatures vanquished.

Notes
Turn   | Place    | Note
-------+----------+-------------------------------------------
     0 | D:1      | straycat the Vampire Wanderer began the quest for the Orb.
     0 | D:1      | straycat set off with: a +2 scale mail, a potion of lignification, a +0 spear, a potion of blood
     0 | D:1      | Reached XP level 1. HP: 15/15 MP: 1/1
   103 | D:1      | Reached XP level 2. HP: 18/21 MP: 2/2
   104 | D:1      | Reached skill level 1 in Dodging
   436 | D:1      | Reached XP level 3. HP: 10/26 MP: 3/3
   982 | D:2      | Noticed Terence
  1019 | D:2      | Killed Terence
  1331 | D:2      | Reached XP level 4. HP: 28/33 MP: 4/4
  2001 | D:2      | HP: 2/49 [adder (2)]
  2295 | D:2      | Found a blossoming altar of Fedhas.
  2534 | D:2      | Noticed an oklob plant
  3356 | D:2      | Noticed Natasha
  3903 | D:3      | Noticed Jessica
  4025 | D:3      | Slain by an orc

Skill      XL: |  1  2  3  4 |
---------------+-------------+-----
Dodging        | 1 2 |  2.5
Stealth        | 2 3 |  3.9
Fighting       | 2 |  2.1
Armour         | |  3.7
Shields        | |  1.0
Translocations | |  1.0
Air Magic      | |  2.0

Action                   |  1- 3 |  4- 6 || total
-------------------------+-------+-------++-------
Melee: Spear             |   178 |     8 ||   186
       Bite              |    15 |    43 ||    58
       Dagger            |       |   249 ||   249
       Unarmed           |       |   179 ||   179
 Abil: Bat Form          |     1 |     1 ||     2
       End Transformatio |     1 |       ||     1
  Use: Potion            |     1 |    11 ||    12
       Scroll            |       |     5 ||     5
 Stab: Sleeping          |       |     6 ||     6
  Eat: Corpse            |       |     1 ||     1
Armor: Scale mail        |   105 |   106 ||   211
       Skin              |       |    30 ||    30
Dodge: Dodged            |    83 |   241 ||   324
Block: Shield            |    18 |    89 ||   107
